 Dungeon Crawl Stone Soup version 0.30.1 (webtiles) character file.

Game seed: 7968246953979114139

3024 GimliDwarf the Prestidigitator (level 9, -2/71 HPs)
             Began as a Gnoll Wanderer on July 7, 2023.
             Slain by a troll (8 damage)
             ... on level 7 of the Dungeon.
             The game lasted 00:12:34 (6081 turns).

GimliDwarf the Prestidigitator (Gnoll Wanderer)     Turns: 6081, Time: 00:12:35

Health: -2/71      AC:  7    Str: 19    XL:     9   Next: 85%
Magic:  25/25      EV: 13    Int:  7    God:
Gold:   326        SH:  0    Dex: 13    Spells: 17/17 levels left

rFire   . . .        a - +3 mace
rCold   . . .        (no shield)
rNeg    . . .        t - +0 troll leather armour {Pargi}
rPois   .            (no helmet)
rElec   .            j - +0 cloak
rCorr   +            (no gloves)
SInv    .            x - +0 pair of boots
Will    .....        A - amulet of the acrobat
Stlth   +++          n - ring of magical power
HPRegen 1.11/turn    o - ring of resist corrosion
MPRegen 0.19/turn

%: acrobat
@: no status effects
A: fangs 1, strong nose, distributed training
a: no special abilities


You were on level 7 of the Dungeon.
You visited 1 branch of the dungeon, and saw 7 of its levels.
You also visited: Sewer.

You collected 326 gold pieces.

Inventory:

Hand Weapons
 a - a +3 mace (weapon)
 f - a +1 whip of flaming
Missiles
 z - 4 boomerangs of dispersal
Armour
 j - a +0 cloak (worn)
 t - a +0 troll leather armour (worn) {Pargi}
 x - a +0 pair of boots (worn)
Jewellery
 n - a ring of magical power (left hand)
 o - a ring of resist corrosion (right hand)
 A - an amulet of the acrobat (around neck)
Wands
 c - a wand of iceblast (1)
 d - a wand of paralysis (6)
 y - a wand of quicksilver (3)
Scrolls
 l - 3 scrolls of teleportation
 p - a scroll of magic mapping {unknown}
 w - a scroll of fear
 B - a scroll of enchant armour {unknown}
Potions
 e - a potion of heal wounds {unknown}
 g - 2 potions of ambrosia
 h - a potion of haste {unknown}
 i - a potion of mutation {unknown}
 k - a potion of lignification {unknown}
 m - a potion of cancellation {unknown}
 q - 2 potions of curing
 r - 3 potions of brilliance
 s - 2 potions of berserk rage
 u - 3 potions of flight
 v - 2 potions of invisibility
Miscellaneous
 b - a phial of floods (inert) (quivered)


   Skills:
 + Level 6.7 Fighting
 + Level 4.8 Short Blades
 + Level 4.8 Long Blades
 + Level 4.8 Axes
 + Level 8.2 Maces & Flails
 + Level 4.8 Polearms
 + Level 4.8 Staves
 + Level 4.8 Ranged Weapons
 + Level 4.8 Throwing
 + Level 5.5 Armour
 + Level 4.8 Dodging
 + Level 5.4 Stealth
 + Level 4.8 Shields
 + Level 4.8 Unarmed Combat
 + Level 4.8 Spellcasting
 + Level 4.0 Conjurations
 + Level 4.0 Hexes
 + Level 4.0 Summonings
 + Level 4.0 Necromancy
 + Level 4.0 Translocations
 + Level 4.0 Transmutations
 + Level 4.0 Fire Magic
 + Level 4.0 Ice Magic
 + Level 4.0 Air Magic
 + Level 4.0 Earth Magic
 + Level 4.0 Poison Magic
 + Level 5.3 Invocations
 + Level 8.2 Evocations


You had 17 spell levels left.
You didn't know any spells.
Your spell library contained the following spells:

 Spells                   Type           Power      Damage    Failure   Level
 Volatile Blastmotes      Fire/Tloc      14%        2d11      19%         3
 Fulminant Prism          Conj/Hex       3%         3d5       54%         4
 Iskenderun's Mystic Bla  Conj/Tloc      7%         2d4       54%         4
 Lee's Rapid Deconstruct  Erth           3%         3d5*      87%         5


Dungeon Overview and Level Annotations

Branches:
Dungeon (7/15)              Sewer (visited)
 Temple: D:4-7

Altars:
Ashenzari
Sif Muna

Shops:
D:3 *


Innate Abilities, Weirdness & Mutations

You have very sharp teeth.
Your uncanny sense of smell can sniff out nearby items.
Your experience applies equally to all skills.


Message History

The centaur is severely wounded.
The centaur is engulfed in water.
The wave splashes down.
The troll is engulfed in water.
You hear a shout!
You hear an angry buzzing noise.
The centaur shoots an arrow.
The arrow hits you!
You enter the shallow water.
Moving in this stuff is going to be slow.
A black bear comes into view.
The centaur unwields a +0 shortbow.
The centaur completely misses you. x2
You closely miss the centaur.
The centaur is severely wounded.
The centaur hits you.
The centaur kicks you but does no damage.
The centaur hits you. The centaur closely misses you.
A yak comes into view.
The troll barely misses you. The troll claws you! The troll barely misses you.
The troll attacks as you move away! The troll closely misses you.
The troll claws you. The troll claws you!
The centaur wields a +0 shortbow.
The centaur shoots an arrow.
The arrow closely misses you.
A centaur comes into view.
There is an open door, spattered with blood here.
You closely miss the troll. The troll bites you but does no damage.
The troll claws you!
* * * LOW HITPOINT WARNING * * *
The troll misses you.
You completely miss the troll. The troll misses you. The troll claws you.
* * * LOW HITPOINT WARNING * * *
The troll misses you.
Aiming: Quicksilver Bolt
Press: ? - help, Shift-Dir - straight line, f - centaur, p - troll
Aim: a centaur, wielding a +0 shortbow (severely wounded, waterlogged, 84% to hit)
The bolt of dispelling energy hits the troll!!
The troll is severely wounded.
The bolt of dispelling energy hits the centaur!!
You kill the centaur!
You hear a splash.
The troll bites you!
* * * LOW HITPOINT WARNING * * *
The troll claws you!
You die...

#.# #.##### #
#..#..## #' ###
##...... ∆ ∆ ##.#
∆ #.. #..#### ∆
..~# .. ∆ #..# #
#~c## .## . #..#
##. #~h##..#....
#..# +..#
##)T@..).... +.##
#..###~Y##......#
#.#
#..#..#####...##
#.# #...#..# ...#
#.# ∆ ##.##.)#
... #.#
#####'##### ##
##[# #.........#
#..# #.###.###.#
#.## #.# #.# .#
#..##


You could see a yak, a troll (waterlogged), a black bear and a centaur.

Vanquished Creatures
  Pikel (D:5)
  An efreet (D:7)
  Sigmund (D:2)
  3 yaks (D:7)
  A water moccasin (D:5)
  Pargi (Sewer)
  A black bear (D:6)
  A sky beast (D:6)
  2 ice beasts
  2 ogres
  2 centaurs (D:7)
  A phantom (D:4)
  A kobold brigand (D:7)
  3 bullfrogs (D:7)
  2 scorpions (D:6)
  3 hounds
  A gnoll bouda (D:6)
  A sleepcap (D:7)
  Terence (D:3)
  An iguana (D:5)
  Robin (D:3)
  2 adders (D:5)
  A river rat (D:3)
  8 gnolls
  A shadow imp (D:6)
  A white imp (D:7)
  A dart slug (D:2)
  14 orcs
  9 endoplasms
  4 giant cockroaches
  16 goblins
  10 hobgoblins
  4 jackals
  10 ball pythons
  10 bats
  4 frilled lizards
  9 kobolds
  10 rats
145 creatures vanquished.

Notes
Turn   | Place    | Note
-------+----------+-------------------------------------------
     0 | D:1      | GimliDwarf the Gnoll Wanderer began the quest for the Orb.
     0 | D:1      | GimliDwarf set off with the following items: a +1 mace, a
                  | phial of floods, a potion of attraction, a +0 leather
                  | armour.
     0 | D:1      | Reached XP level 1. HP: 20/20 MP: 1/1
   167 | D:1      | Reached XP level 2. HP: 26/26 MP: 2/2
   208 | D:1      | Found a faded altar of an unknown god.
   793 | D:1      | Reached XP level 3. HP: 29/31 MP: 3/3
   978 | D:2      | Reached skill level 1 in Invocations
  1167 | D:2      | Noticed Sigmund
  1531 | D:2      | Killed Sigmund
  1532 | D:2      | Reached skill level 1 in Short Blades
  1532 | D:2      | Reached skill level 1 in Long Blades
  1532 | D:2      | Reached skill level 1 in Axes
  1532 | D:2      | Reached skill level 1 in Polearms
  1532 | D:2      | Reached skill level 1 in Staves
  1532 | D:2      | Reached skill level 1 in Ranged Weapons
  1532 | D:2      | Reached skill level 1 in Throwing
  1532 | D:2      | Reached skill level 1 in Dodging
  1532 | D:2      | Reached skill level 1 in Shields
  1532 | D:2      | Reached skill level 1 in Unarmed Combat
  1532 | D:2      | Reached skill level 1 in Spellcasting
  1532 | D:2      | Reached skill level 1 in Conjurations
  1532 | D:2      | Reached skill level 1 in Hexes
  1532 | D:2      | Reached skill level 1 in Summonings
  1532 | D:2      | Reached skill level 1 in Necromancy
  1532 | D:2      | Reached skill level 1 in Translocations
  1532 | D:2      | Reached skill level 1 in Transmutations
  1532 | D:2      | Reached skill level 1 in Fire Magic
  1532 | D:2      | Reached skill level 1 in Ice Magic
  1532 | D:2      | Reached skill level 1 in Air Magic
  1532 | D:2      | Reached skill level 1 in Earth Magic
  1532 | D:2      | Reached skill level 1 in Poison Magic
  1532 | D:2      | Reached XP level 4. HP: 12/38 MP: 6/6
  1532 | D:2      | Reached XP level 5. HP: 14/43 MP: 7/7
  1968 | D:3      | Noticed Terence
  1989 | D:3      | Killed Terence
  1990 | D:3      | Reached XP level 6. HP: 27/50 MP: 8/8
  2053 | D:3      | Found a glowing drain.
  2105 | Sewer    | Entered a sewer
  2198 | Sewer    | Reached skill level 5 in Fighting
  2264 | Sewer    | Noticed Pargi
  2287 | Sewer    | Killed Pargi
  2801 | D:3      | Noticed Robin
  2830 | D:3      | Killed Robin
  3060 | D:3      | Found Yfucve's General Store.
  3127 | D:3      | Reached XP level 7. HP: 52/56 MP: 10/10
  3887 | D:5      | Entered Level 5 of the Dungeon
  3930 | D:5      | Noticed Pikel
  3941 | D:5      | Killed Pikel
  3942 | D:5      | Reached XP level 8. HP: 23/64 MP: 12/12
  5039 | D:6      | Found a broken altar of Ashenzari.
  5116 | D:6      | Reached XP level 9. HP: 58/69 MP: 15/15
  5301 | D:6      | Found a shimmering blue altar of Sif Muna.
  5777 | D:7      | Reached skill level 5 in Armour
  5880 | D:7      | Reached skill level 5 in Stealth
  5993 | D:7      | Reached skill level 5 in Invocations
  6070 | D:7      | Noticed an efreet
  6074 | D:7      | Killed an efreet
  6074 | D:7      | Noticed a troll
  6081 | D:7      | Slain by a troll

Illustrated notes

Levels and vault maps discovered:
D:1:      dpeg_arrival_tiny_f, layout_basic,
          shapermc_ecumenical_altar_starsandcircs, st_stairs_11, chequers_jeans,
          hangedman_decor_slide_cut, minivault_25
D:2:      cheibrodos_greedy_goblins, layout_basic, uniq_sigmund
D:3:      layout_loops_corners, portal_sewer_entry_a, serial_shops, shop,
          nicolae_concentric_dashed_squares_mild, minmay_cupped, uniq_robin,
          uniq_terence
D:4:      layout_rooms
D:5:      layout_basic, eino_curves_04, uniq_pikel
D:6:      layout_cave_pods, led_sif_pool, mainiacjoe_overflow_alcove_1
D:7:      minmay_the_grid_plus_closed [minmay_the_grid_minigrid_large,
          minmay_the_grid_expand, minmay_the_grid_eight,
          minmay_the_grid_tiny_cups,
          minmay_the_grid_prize_four_corners_diamond_a], layout_layer_cave,
          grunt_temple_overflow_opulence, temple_hall, dk_noncrumbling_2

Skill      XL: |  1  2  3  4  5  6  7  8  9 |
---------------+----------------------------+-----
Invocations    | 1 2 3 4 5 |  5.3
Short Blades   | 1 2 3 4 |  4.8
Long Blades    | 1 2 3 4 |  4.8
Axes           | 1 2 3 4 |  4.8
Polearms       | 1 2 3 4 |  4.8
Staves         | 1 2 3 4 |  4.8
Ranged Weapons | 1 2 3 4 |  4.8
Throwing       | 1 2 3 4 |  4.8
Armour         | 3 4 5 |  5.5
Dodging        | 1 2 3 4 |  4.8
Shields        | 1 2 3 4 |  4.8
Unarmed Combat | 1 2 3 4 |  4.8
Spellcasting   | 1 2 3 4 |  4.8
Conjurations   | 1 2 3 4 |  4.0
Hexes          | 1 2 3 4 |  4.0
Summonings     | 1 2 3 4 |  4.0
Necromancy     | 1 2 3 4 |  4.0
Translocations | 1 2 3 4 |  4.0
Transmutations | 1 2 3 4 |  4.0
Fire Magic     | 1 2 3 4 |  4.0
Ice Magic      | 1 2 3 4 |  4.0
Air Magic      | 1 2 3 4 |  4.0
Earth Magic    | 1 2 3 4 |  4.0
Poison Magic   | 1 2 3 4 |  4.0
Stealth        | 3 4 5 |  5.4
Fighting       | 5 6 |  6.7
Maces & Flails | 7 8 |  8.2
Evocations     | 7 8 |  8.2

Action                     |  1- 3 |  4- 6 |  7- 9 || total
---------------------------+-------+-------+-------++-------
  Melee: Mace              |   112 |   168 |   285 ||   565
         Bite              |    10 |    14 |    32 ||    56
         Punch             |     1 |     3 |     5 ||     9
  Evoke: Phial of floods   |     1 |     1 |     2 ||     4
         Wand              |       |       |     7 ||     7
    Use: Scroll            |       |       |    14 ||    14
   Stab: Sleeping          |     2 |     7 |     6 ||    15
         Distracted        |       |     1 |       ||     1
         Paralysed         |       |       |     5 ||     5
 Armour: Leather armour    |    39 |    31 |       ||    70
         Troll leather arm |       |    23 |    95 ||   118
  Dodge: Dodged            |    74 |   130 |   231 ||   435
